cohdb
Replays
Latest Replays
All Replays
Popular Replays
Top Player Replays
Match Explorer
How It Works
Community
CoH3 Stats
Reddit
Sign in to upload your games and track your stats! →
Sign in with Steam
Match 38033870
Unlisted
Match 38033870
Overview
Messages
Build Orders
End
Royal Engineer Section
Construct Section Command Post
Infantry Section
Infantry Section
Infantry Section
Construct Platoon Command Post
6-pounder Anti-tank Gun Team
Infantry Training
Selects Indian Artillery Battlegroup
Selects War Cry
Selects Gurkha Rifles Section
Gurkha Rifles Section
Construct Company Command Post
Selects Pillage
Selects Artillery Saturation
Selects Off-map Airburst Barrage
Foot Guards Section
Crusader II Medium Tank
Off-map Airburst Barrage
Grenade Package
Selects Perimeter Monitor
Perimeter Monitor
Crusader II Medium Tank
War Cry
6-pounder Anti-tank Gun Team
STALKER4732
ezh
kit.ohume
Kwarzym
Clumsy
Andolas
0
0
Comments
sign in to comment!
No comments posted yet!